[Event "Titled Tuesday Blitz April 11 Early 2023"]
[White "Paravyan, David"]
[Black "Svane, Frederik"]
[WhiteFideId "4194985"]
[BlackFideId "12923044"]
[WhiteElo "2563"]
[BlackElo "2502"]
[Result "1-0"]
[Round "11"]
[TimeControl "180+2"]
[Date "2023.04.11"]
[WhiteClock "0:00:04"]
[BlackClock "0:00:09"]

1. e4 e5 2. Nf3 Nc6 3. Bc4 Nf6 4. d3 Bc5 5. O-O d6 6. Nc3 h6 7. Na4 Bb6 8. a3 O-O 9. h3 Be6 10. Nxb6 axb6 11. Bxe6 fxe6 12. Re1 Qe8 13. c3 Qg6 14. Be3 Nh5 15. Nh4 Qf7 16. a4 Ne7 17. g3 Nf6 18. Kh2 d5 19. f3 Rad8 20. Qe2 Nh5 21. Rf1 Ng6 22. Ng2 Nf6 23. Bg1 Rd7 24. Ne3 Rfd8 25. Rad1 c6 26. b4 Ra8 27. Ra1 Kh7 28. Ng4 Qe7 29. Bxb6 Nxg4+ 30. fxg4 d4 31. cxd4 exd4 32. Bc5 Qg5 33. h4 Qe3 34. Qxe3 dxe3 35. d4 e5 36. h5 Nh8 37. dxe5 Re8 38. Rae1 Nf7 39. Bxe3 Nxe5 40. Kh3 Rd3 41. Bf4 Rd4 42. g5 hxg5 43. Bxg5 Rxb4 44. Rb1 c5 45. Bd2 Rxb1 46. Rxb1 Nc4 47. Bf4 b6 48. e5 g6 49. h6 g5 50. Bxg5 Rxe5 51. Bf4 Re4 52. Rd1 Re7 53. Kg4 Nb2 54. Rd6 Nxa4 55. Rc6 Rd7 56. Kh5 Rd5+ 57. Bg5 Rd7 58. g4 Nc3 59. Bf6 Ne4 60. g5 Kg8 61. Kg6 Nd6 62. Rxb6 Nc8 63. Rb8 Rc7 64. Rxc8+ Rxc8 65. h7+ Kf8 66. h8=Q# 1-0


[Site "https://www.chess.com"]

[Event "Titled Tuesday Blitz April 11 Early 2023"]
[White "Aravindh, Chithambaram VR."]
[Black "Zhigalko, Sergei"]
[WhiteFideId "5072786"]
[BlackFideId "13502956"]
[WhiteElo "2596"]
[BlackElo "2626"]
[Result "1-0"]
[Round "11"]
[TimeControl "180+2"]
[Date "2023.04.11"]
[WhiteClock "0:00:06"]
[BlackClock "0:00:04"]

1. c4 e5 2. b3 Nf6 3. Bb2 Nc6 4. Nf3 e4 5. Nd4 Bc5 6. Nf5 O-O 7. e3 d6 8. Ng3 Re8 9. Nc3 Bg4 10. f3 exf3 11. gxf3 Bh5 12. Be2 Bg6 13. d4 Bb6 14. Qd2 Qe7 15. Kf2 Nh5 16. Nd5 Qh4 17. b4 a5 18. c5 Nxb4 19. Nxb4 dxc5 20. Nd5 cxd4 21. Bxd4 Rad8 22. Nxb6 c5 23. e4 Rxd4 24. Qc3 Nf4 25. Qxc5 Rd2 26. Rae1 Nd3+ 27. Ke3 Nxc5 28. Kxd2 Qg5+ 29. Kc2 Qf6 30. Nd5 Qc6 31. Kd2 Qa4 32. Ke3 Qa3+ 33. Kf2 Ne6 34. Rd1 Qc5+ 35. Kg2 h5 36. h4 Qc2 37. Kf2 Kf8 38. Nf1 Qxa2 39. Nfe3 Qa3 40. Rd2 Qd6 41. Nc4 Qc5+ 42. Nce3 b5 43. Rb1 Qd6 44. Kg2 b4 45. Bf1 Nf4+ 46. Kg1 Qc5 47. Rf2 Nxd5 48. Nxd5 Qa7 49. Kg2 Kg8 50. Rd1 Qb8 51. Rc1 Kh7 52. Rc6 Rd8 53. Rb6 Qa7 54. Rb5 Qa8 55. Rd2 Qa7 56. Nf6+ gxf6 57. Rxd8 Qe3 58. Rbb8 b3 59. Rh8+ Kg7 60. Rbg8# 1-0


[Site "https://www.chess.com"]

[Event "Titled Tuesday Blitz April 11 Early 2023"]
[White "Ashraf, Artin"]
[Black "Gholami Orimi, Mahdi"]
[WhiteFideId "22514805"]
[BlackFideId "12558486"]
[WhiteElo "2188"]
[BlackElo "2363"]
[Result "0-1"]
[Round "11"]
[TimeControl "180+2"]
[Date "2023.04.11"]
[WhiteClock "0:00:04"]
[BlackClock "0:00:03"]

1. Nf3 Nf6 2. g3 b5 3. Bg2 Bb7 4. O-O e6 5. b3 c5 6. c4 bxc4 7. bxc4 Be7 8. Nc3 O-O 9. Rb1 Bc6 10. d3 Na6 11. Bf4 d6 12. a3 Rb8 13. Bd2 Qd7 14. Qc2 Rb6 15. Rxb6 axb6 16. Rb1 Rb8 17. Ne1 Bxg2 18. Kxg2 d5 19. Nf3 d4 20. Na4 Qc6 21. Qb3 Nc7 22. Bf4 Bd6 23. Bg5 Nd7 24. e4 dxe3 25. Nc3 exf2 26. Kxf2 f6 27. Be3 Ne5 28. Nxe5 Bxe5 29. Na4 Bd6 30. Qd1 Bf8 31. Nc3 Ra8 32. Qb3 Qd7 33. Ne4 Ra6 34. Ke2 Qc6 35. Kf2 h6 36. Nc3 Qd7 37. Ne4 f5 38. Nd2 e5 39. Nf3 Bd6 40. Bd2 e4 41. Nh4 Be5 42. Re1 Ne6 43. Nxf5 Nd4 44. Nxd4 Bxd4+ 45. Kg2 exd3 46. Qxd3 Qc6+ 47. Kh3 Ra8 48. Bc1 Qd7+ 49. Kg2 Rf8 50. Re2 Qc6+ 51. Qe4 Rf2+ 52. Kh3 Qd7+ 53. g4 Rf8 54. Kg2 Kh8 55. h3 Qf7 56. Be3 Qf1+ 57. Kg3 Bf6 58. Bd4 Bxd4 0-1


[Site "https://www.chess.com"]

[Event "Titled Tuesday Blitz April 11 Early 2023"]
[White "Lazavik, Denis"]
[Black "Pranesh M"]
[WhiteFideId "13515110"]
[BlackFideId "35028600"]
[WhiteElo "2560"]
[BlackElo "2437"]
[Result "1-0"]
[Round "11"]
[TimeControl "180+2"]
[Date "2023.04.11"]
[WhiteClock "0:01:20"]
[BlackClock "0:00:36"]

1. d4 d5 2. c4 c6 3. Nf3 e6 4. g3 Nf6 5. Bg2 dxc4 6. O-O b5 7. Nc3 Bb7 8. e4 a6 9. e5 Nd5 10. Ng5 h6 11. Qh5 g6 12. Qh3 c5 13. Nxe6 fxe6 14. Qxe6+ Qe7 15. Qxg6+ Qf7 16. Qxf7+ Kxf7 17. Nxd5 cxd4 18. e6+ Ke8 19. Nc7+ Ke7 20. Nxa8 Bxg2 21. Kxg2 Kxe6 22. Re1+ Kd7 23. Bf4 Bd6 24. Nb6+ Kc7 25. Bxd6+ Kxd6 26. a4 Nc6 27. axb5 axb5 28. Ra6 d3 29. Rc1 Rd8 30. Nxc4+ bxc4 31. Rxc4 d2 32. Raxc6+ Ke5 33. Rc1 dxc1=Q 34. Rxc1 Rb8 35. Rc6 Rxb2 36. Rxh6 Ke4 37. h4 Kd3 38. Re6 Kd4 39. Re3 Rb5 40. Kf3 Rf5+ 41. Kg2 Ra5 42. g4 Ra8 43. Kg3 Rg8 44. h5 Ra8 45. h6 Ra1 46. g5 Rh1 47. Kg4 Rf1 48. h7 Rxf2 49. Rh3 Rg2+ 50. Kh4 Kc5 51. h8=Q Kb6 52. Rb3+ Ka7 53. Qd4+ Ka6 54. Qa4# 1-0


[Site "https://www.chess.com"]

[Event "Titled Tuesday Blitz April 11 Early 2023"]
[White "Ibarra Jerez, Jose Carlos"]
[Black "Hakobyan, Aram"]
[WhiteFideId "2226332"]
[BlackFideId "13306677"]
[WhiteElo "2638"]
[BlackElo "2584"]
[Result "1-0"]
[Round "11"]
[TimeControl "180+2"]
[Date "2023.04.11"]
[WhiteClock "0:00:17"]
[BlackClock "0:00:55"]

1. e4 g6 2. d4 Bg7 3. Nc3 c5 4. dxc5 Bxc3+ 5. bxc3 Nf6 6. f3 Qa5 7. Qd4 Nc6 8. Qc4 d5 9. exd5 Nxd5 10. Bd2 Be6 11. Qb5 Qxb5 12. Bxb5 O-O-O 13. Ne2 Ne5 14. O-O-O Nc7 15. Ba4 Bxa2 16. Bf4 f6 17. Bxe5 fxe5 18. Bb3 Bxb3 19. cxb3 a5 20. Ng3 Ne6 21. Ne4 Kc7 22. g3 Kc6 23. Rhe1 Rxd1+ 24. Kxd1 Rf8 25. Re3 Rd8+ 26. Kc2 Rd5 27. c4 Rd8 28. Nd2 Nxc5 29. Rxe5 Rd7 30. Ne4 Nxe4 31. Rxe4 b6 32. Re5 Ra7 33. Re6+ Kc5 34. Kc3 Rd7 35. f4 Rc7 36. h4 Rd7 37. h5 gxh5 38. Re5+ Kc6 39. Rxh5 e6 40. Rh6 Kd6 41. f5 Ke5 42. Rxe6+ Kxf5 43. Rxb6 Rg7 44. Rb5+ Kg4 45. Rxa5 h5 46. b4 Rh7 47. b5 Kxg3 48. b6 h4 49. c5 h3 50. Ra1 Kf4 51. c6 Rh6 52. c7 1-0


[Site "https://www.chess.com"]

[Event "Titled Tuesday Blitz April 11 Early 2023"]
[White "Siva Mahadevan"]
[Black "Anton Guijarro, David"]
[WhiteFideId "25043153"]
[BlackFideId "2285525"]
[WhiteElo "2249"]
[BlackElo "2618"]
[Result "0-1"]
[Round "11"]
[TimeControl "180+2"]
[Date "2023.04.11"]
[WhiteClock "0:00:09"]
[BlackClock "0:00:09"]

1. e4 e5 2. Nf3 Nc6 3. Bb5 a6 4. Ba4 d6 5. c3 f5 6. exf5 Bxf5 7. O-O Bd3 8. Re1 Be7 9. Bc2 Bxc2 10. Qxc2 Nf6 11. d4 e4 12. Ng5 d5 13. f3 h6 14. Nh3 O-O 15. Nd2 exf3 16. Nxf3 Rf7 17. Nf4 Bd6 18. Ne5 Nxe5 19. dxe5 Bc5+ 20. Kh1 Ng4 21. g3 Re7 22. Qf5 Nf2+ 23. Kg2 c6 24. e6 Qe8 25. Ng6 Bb6 26. Nxe7+ Qxe7 27. Qf7+ Qxf7 28. exf7+ Kf8 29. Be3 Bxe3 30. Rxe3 Ne4 31. Rf1 Nf6 32. g4 Kxf7 33. h4 Kg6 34. Re7 Nxg4 35. Rff7 Rg8 36. Rxb7 Ne5 37. Rfc7 Kf6 38. Ra7 g5 39. h5 g4 40. Rh7 Kg5 41. Rag7+ Rxg7 42. Rxg7+ Kxh5 43. Ra7 Kg5 44. Rxa6 h5 45. Ra8 h4 46. Rg8+ Kf4 47. Rf8+ Ke3 48. a4 Nd3 49. a5 Nf4+ 50. Kf1 g3 51. a6 h3 52. a7 g2+ 53. Kg1 Ne2+ 0-1


[Site "https://www.chess.com"]

[Event "Titled Tuesday Blitz April 11 Early 2023"]
[White "Timofeev, Artyom"]
[Black "Narayanan, Srinath"]
[WhiteFideId "4140419"]
[BlackFideId "5018420"]
[WhiteElo "2586"]
[BlackElo "2438"]
[Result "1-0"]
[Round "11"]
[TimeControl "180+2"]
[Date "2023.04.11"]
[WhiteClock "0:00:13"]
[BlackClock "0:00:12"]

1. c4 e5 2. d3 Nf6 3. Nf3 Nc6 4. Nc3 d5 5. cxd5 Nxd5 6. e3 Nxc3 7. bxc3 Bd6 8. Be2 O-O 9. O-O Re8 10. d4 Bd7 11. Rb1 b6 12. a4 Qf6 13. Ra1 Rad8 14. Ba3 Bf5 15. Bb5 Bxa3 16. Rxa3 exd4 17. cxd4 Be4 18. Rc3 Qg6 19. g3 Re6 20. Nd2 Bd5 21. Bc4 Nb4 22. Qb3 a5 23. Bxd5 Nxd5 24. Rcc1 Re7 25. Rfd1 h5 26. Qc2 Qxc2 27. Rxc2 c5 28. Nf3 Nb4 29. Rcc1 Red7 30. Rf1 cxd4 31. Nxd4 h4 32. Kg2 hxg3 33. hxg3 g6 34. Rc4 Kg7 35. Rfc1 Nd3 36. R1c3 Nc5 37. Rc2 Rd5 38. R2c3 Rh8 39. Nb3 Nxb3 40. Rxb3 Rd6 41. Rc7 Re8 42. Rb7 Ree6 43. g4 g5 44. Kf3 Rf6+ 45. Kg3 Rde6 46. Rb5 Kg6 47. Rb8 Kh6 48. Rh8+ Kg7 49. Rh5 Re4 50. Rhxg5+ Kf8 51. Rh5 Kg7 52. Rhf5 Rg6 53. Rf4 Rxf4 54. Kxf4 Rc6 55. Kg3 Kg6 56. f4 f6 57. Kf3 Kf7 58. g5 fxg5 59. Rxg5 Rc4 60. Rb5 Rxa4 61. Rxb6 Rc4 62. Ra6 a4 63. e4 Rc3+ 64. Kg4 a3 65. e5 Ke7 66. Kf5 Rd3 67. Ra7+ Ke8 68. Ke6 Kf8 69. f5 Re3 70. Kf6 Kg8 71. e6 Re2 72. Ra8+ Kh7 73. Rxa3 Kg8 74. Ra8+ Kh7 75. e7 1-0


[Site "https://www.chess.com"]

[Event "Titled Tuesday Blitz April 11 Early 2023"]
[White "Vachier-Lagrave, Maxime"]
[Black "Gharibyan, Mamikon"]
[WhiteFideId "623539"]
[BlackFideId "13308300"]
[WhiteElo "2740"]
[BlackElo "2445"]
[Result "1-0"]
[Round "11"]
[TimeControl "180+2"]
[Date "2023.04.11"]
[WhiteClock "0:01:08"]
[BlackClock "0:00:01"]

1. d4 Nf6 2. Bg5 d5 3. e3 c5 4. c3 cxd4 5. exd4 Nc6 6. Nd2 Bf5 7. Ne2 e6 8. Ng3 Bg6 9. Qb3 Qd7 10. Nf3 Bd6 11. Be2 h6 12. Be3 Ne4 13. Nxe4 Bxe4 14. O-O Qc7 15. g3 O-O 16. Ne1 Na5 17. Qd1 Nc4 18. Bc1 b5 19. Nd3 a5 20. b3 Nb6 21. Bd2 Rfc8 22. f4 Ba3 23. Rb1 b4 24. cxb4 Bxb4 25. Rc1 Qe7 26. Be3 Nd7 27. Nf2 Bg6 28. Bd3 Bxd3 29. Qxd3 Nf6 30. Qb5 g6 31. Kg2 Kg7 32. h3 Rcb8 33. Qe2 a4 34. g4 axb3 35. axb3 Bd6 36. Rc3 Ra3 37. Rb1 Bb4 38. Rc2 Bd6 39. Qd3 Qb7 40. Rc3 Bb4 41. Rc2 Bd6 42. f5 exf5 43. gxf5 Rxb3 44. Rxb3 Qxb3 45. Qd2 Bb4 46. Bxh6+ Kh7 47. fxg6+ fxg6 48. Rc7+ Kg8 49. Qg5 Qb1 50. Qxf6 Qe4+ 51. Nxe4 1-0


[Site "https://www.chess.com"]

[Event "Titled Tuesday Blitz April 11 Early 2023"]
[White "Khubukshanov, Erdem"]
[Black "Vidit, Santosh Gujrathi"]
[WhiteFideId "54114527"]
[BlackFideId "5029465"]
[WhiteElo "2420"]
[BlackElo "2651"]
[Result "0-1"]
[Round "11"]
[TimeControl "180+2"]
[Date "2023.04.11"]
[WhiteClock "0:00:02"]
[BlackClock "0:00:12"]

1. e4 c5 2. Nf3 e6 3. d4 cxd4 4. Nxd4 a6 5. c4 Nf6 6. Nc3 Qc7 7. Be2 b6 8. O-O Bb7 9. Qd3 Nc6 10. Nxc6 Bxc6 11. f4 Bc5+ 12. Kh1 d6 13. a3 a5 14. b3 e5 15. fxe5 dxe5 16. Bg5 Be7 17. Nd5 Nxd5 18. cxd5 Bxg5 19. dxc6 Rd8 20. Qg3 h6 21. h4 Bf6 22. Rxf6 gxf6 23. Qg7 Ke7 24. Bc4 Rhf8 25. Bd5 Rd6 26. Rc1 h5 27. Qh7 Qc8 28. Qxh5 Kd8 29. c7+ Ke7 30. Qh7 Rd7 31. Rc6 Rxc7 32. Rxb6 Qg4 33. Re6+ Kd8 34. Rd6+ Kc8 35. Qf5+ Qxf5 36. exf5 Rd8 37. Rxd8+ Kxd8 38. Kh2 Ke7 39. g4 Rc3 40. Kg2 Rd3 41. Bc4 Rd4 42. Kf3 a4 43. g5 Rxh4 44. Kg2 fxg5 45. Kg3 f6 0-1


[Site "https://www.chess.com"]

[Event "Titled Tuesday Blitz April 11 Early 2023"]
[White "Kukhmazov, Arsen"]
[Black "Sadhwani, Raunak"]
[WhiteFideId "24108260"]
[BlackFideId "35093487"]
[WhiteElo "2396"]
[BlackElo "2631"]
[Result "0-1"]
[Round "11"]
[TimeControl "180+2"]
[Date "2023.04.11"]
[WhiteClock "0:00:16"]
[BlackClock "0:00:51"]

1. d4 g6 2. h4 Nf6 3. c4 Nc6 4. Nc3 e5 5. d5 Nb8 6. g3 d6 7. Bh3 Bg7 8. Bxc8 Qxc8 9. Nf3 h6 10. e4 a5 11. b3 Na6 12. Qe2 Nc5 13. Ba3 b6 14. O-O-O O-O 15. Nd2 h5 16. f3 Bh6 17. Kc2 c6 18. dxc6 Qxc6 19. Nb5 a4 20. Nb1 axb3+ 21. axb3 Rfd8 22. N1c3 Ne6 23. Kb2 Nd4 24. Qd3 Bg7 25. Nd5 Nxd5 26. exd5 Qd7 27. Nxd4 exd4 28. Bb4 Re8 29. Rhe1 Qh3 30. Rxe8+ Rxe8 31. Bxd6 Re3 32. Qd2 Re2 33. Qxe2 d3+ 34. Qe5 Bxe5+ 35. Bxe5 Qg2+ 36. Ka3 Qe2 0-1


[Site "https://www.chess.com"]

[Event "Titled Tuesday Blitz April 11 Early 2023"]
[White "Svane, Rasmus"]
[Black "Urazayev, Arystanbek"]
[WhiteFideId "4657101"]
[BlackFideId "13709810"]
[WhiteElo "2597"]
[BlackElo "2449"]
[Result "0-1"]
[Round "11"]
[TimeControl "180+2"]
[Date "2023.04.11"]
[WhiteClock "0:00:02"]
[BlackClock "0:00:08"]

1. Nf3 d5 2. g3 b6 3. c4 dxc4 4. Na3 e5 5. Nxe5 Qd5 6. Nf3 Nd7 7. Bg2 Bxa3 8. bxa3 Bb7 9. Nh4 Qe5 10. Bxb7 Rb8 11. Rb1 Rxb7 12. Bb2 Qd5 13. O-O Ngf6 14. e4 Nxe4 15. Bxg7 Rg8 16. Bh6 Kd8 17. Re1 Nd6 18. Bf4 Rb8 19. Qe2 Kc8 20. Bxd6 cxd6 21. Rbc1 Ne5 22. d3 Nxd3 23. Rcd1 Kb7 24. Qd2 Rbe8 25. Rf1 Rg4 26. Ng2 Rge4 27. Ne3 Qc5 28. Nxc4 Qxc4 29. Qxd3 Qxd3 30. Rxd3 R8e6 31. Rc1 Re1+ 32. Rxe1 Rxe1+ 33. Kg2 Kc6 34. Rf3 Re7 35. Rf6 Kc5 36. Kf3 d5 37. Rf5 Kc4 38. Rf6 d4 39. Rc6+ Kd3 40. g4 Kd2 41. Kg2 d3 42. f4 Ke2 43. f5 d2 44. f6 Re4 45. Rc4 Rxc4 0-1


[Site "https://www.chess.com"]

[Event "Titled Tuesday Blitz April 11 Early 2023"]
[White "Flores, Diego"]
[Black "Kramnik, Vladimir"]
[WhiteFideId "108049"]
[BlackFideId "4101588"]
[WhiteElo "2613"]
[BlackElo "2712"]
[Result "1-0"]
[Round "11"]
[TimeControl "180+2"]
[Date "2023.04.11"]
[WhiteClock "0:00:05"]
[BlackClock "0:00:02"]

1. c4 e6 2. Nf3 Nf6 3. g3 d5 4. Bg2 dxc4 5. O-O a6 6. a4 Nc6 7. a5 Bb4 8. Qa4 O-O 9. Ne5 Nxe5 10. Qxb4 Qd6 11. Qc3 Nd5 12. Qc2 b5 13. axb6 cxb6 14. b3 Bb7 15. Ba3 Qd7 16. Bxf8 Rxf8 17. bxc4 Nb4 18. Qc3 Bxg2 19. Kxg2 Nec6 20. d3 e5 21. Nd2 a5 22. Rfb1 f5 23. c5 b5 24. Rxa5 Nd5 25. Qa1 b4 26. Ra6 Qb7 27. Qa2 Kh8 28. Qxd5 Qxa6 29. Nc4 Qa8 30. Nd6 h6 31. f3 Kh7 32. Rb2 Qa1 33. Ra2 Qb1 34. Ra6 Nd4 35. Qxe5 Qb2 36. Kf2 Rf6 37. Ra7 Kg6 38. Ne8 Rf7 39. Rxf7 Kxf7 40. Nd6+ Kg6 41. c6 1-0


[Site "https://www.chess.com"]

[Event "Titled Tuesday Blitz April 11 Early 2023"]
[White "Zemlyanskii, Ivan"]
[Black "Indjic, Aleksandar"]
[WhiteFideId "24249971"]
[BlackFideId "911925"]
[WhiteElo "2419"]
[BlackElo "2614"]
[Result "0-1"]
[Round "11"]
[TimeControl "180+2"]
[Date "2023.04.11"]
[WhiteClock "0:00:02"]
[BlackClock "0:00:47"]

1. d4 Nf6 2. c4 e6 3. Bf4 c5 4. d5 exd5 5. cxd5 d6 6. e4 Nbd7 7. Nc3 g6 8. h3 a6 9. a4 Qe7 10. Bd3 Nh5 11. Bh2 Bh6 12. Nf3 O-O 13. O-O Bf4 14. Bxf4 Nxf4 15. Qd2 g5 16. Ne2 Ne5 17. Nxf4 gxf4 18. Be2 Qf6 19. Nxe5 Qxe5 20. Bf3 Bd7 21. Qc3 f6 22. Rfc1 b5 23. axb5 axb5 24. Qd2 Kh8 25. Kh2 b4 26. Qc2 Bb5 27. Qd2 Rg8 28. Kh1 Bd7 29. Kh2 h6 30. Re1 Kh7 31. Rec1 Bb5 32. Re1 h5 33. Rec1 h4 34. Re1 Kg7 35. Rec1 Kf7 36. Bg4 Ke7 37. f3 Bd7 38. Bxd7 Kxd7 39. Qe2 Ke7 40. Rcb1 Kf7 41. Qb5 Kg6 42. Rxa8 Rxa8 43. Qd7 Kh6 44. Qg4 Qg5 45. Qe6 Ra6 0-1


[Site "https://www.chess.com"]

[Event "Titled Tuesday Blitz April 11 Early 2023"]
[White "Terry, Renato"]
[Black "Molina, Roberto Junio Brito"]
[WhiteFideId "3803457"]
[BlackFideId "2109450"]
[WhiteElo "2575"]
[BlackElo "2376"]
[Result "1-0"]
[Round "11"]
[TimeControl "180+2"]
[Date "2023.04.11"]
[WhiteClock "0:01:13"]
[BlackClock "0:00:34"]

1. e4 c6 2. Nf3 d5 3. exd5 cxd5 4. Ne5 Nc6 5. d4 a6 6. c3 Bf5 7. Qf3 e6 8. Nxf7 Kxf7 9. g4 g6 10. gxf5 exf5 11. Be3 Nf6 12. Nd2 b5 13. Bg2 Bg7 14. O-O Re8 15. Bg5 Ne7 16. Rfe1 Qd7 17. Bxf6 Bxf6 18. Nb3 Qc6 19. Nc5 Rad8 20. Re6 Rd6 21. Rae1 Red8 22. Qf4 Ng8 23. b3 a5 24. c4 bxc4 25. bxc4 g5 26. Qxf5 Kg7 27. cxd5 Qb5 28. Be4 Bxd4 29. Qxh7+ Kf8 30. Bg6 Bxf2+ 31. Kg2 1-0


[Site "https://www.chess.com"]

[Event "Titled Tuesday Blitz April 11 Early 2023"]
[White "Rohith Krishna S"]
[Black "Kollars, Dmitrij"]
[WhiteFideId "46617051"]
[BlackFideId "12909572"]
[WhiteElo "2270"]
[BlackElo "2584"]
[Result "0-1"]
[Round "11"]
[TimeControl "180+2"]
[Date "2023.04.11"]
[WhiteClock "0:00:55"]
[BlackClock "0:00:46"]

1. d4 Nf6 2. c4 e6 3. Nc3 Bb4 4. Qc2 b6 5. f3 c5 6. a3 Bxc3+ 7. bxc3 Nc6 8. Bb2 Ba6 9. e4 Na5 10. e5 Ng8 11. Qa4 Ne7 12. Rd1 Nf5 13. Kf2 O-O 14. dxc5 Qc7 15. c6 Qxe5 16. g4 Qc5+ 17. Ke1 Ne3 18. Rxd7 Nxf1 19. Kxf1 Qxc4+ 20. Qxc4 Nxc4 21. Bc1 Ne5+ 22. Kg2 Nxd7 23. cxd7 Rfd8 24. Nh3 Rxd7 25. Nf2 Rad8 26. Bf4 f6 27. g5 Kf7 28. h4 e5 29. Bg3 Ke6 30. h5 f5 31. Re1 Rd5 32. Nh3 Rd2+ 33. Nf2 Re2 34. Rc1 f4 35. Bh4 Bb7 36. g6 Rh8 37. h6 gxh6 38. g7 Rg8 39. Kh3 Rxg7 40. Ng4 Bxf3 0-1


[Site "https://www.chess.com"]

[Event "Titled Tuesday Blitz April 11 Early 2023"]
[White "Makarian, Rudik"]
[Black "Jaferian, Koosha"]
[WhiteFideId "44105681"]
[BlackFideId "12507440"]
[WhiteElo "2430"]
[BlackElo "2073"]
[Result "1-0"]
[Round "11"]
[TimeControl "180+2"]
[Date "2023.04.11"]
[WhiteClock "0:00:03"]
[BlackClock "0:00:01"]

1. d4 Nf6 2. c4 e6 3. Nf3 b6 4. g3 Ba6 5. b3 Bb4+ 6. Bd2 Be7 7. Nc3 c6 8. Bg2 d5 9. O-O O-O 10. Bf4 Nbd7 11. Qc2 Rc8 12. e4 Bb4 13. e5 Ne8 14. Rfd1 Nc7 15. Ng5 g6 16. a3 Be7 17. h4 Bb7 18. Nf3 c5 19. dxc5 Nxc5 20. Bh6 Re8 21. Ng5 Bf8 22. Bxf8 Rxf8 23. Nce4 Nxe4 24. Nxe4 Ne8 25. Qe2 Qe7 26. cxd5 Bxd5 27. b4 Bxe4 28. Bxe4 Ng7 29. Rd6 Rfd8 30. Rad1 Ne8 31. R6d3 Qc7 32. f4 Rxd3 33. Qxd3 Kg7 34. Kg2 h5 35. Rd2 Qc1 36. Rd1 Qb2+ 37. Rd2 Qc1 38. Rd1 Qb2+ 39. Kh3 Rc3 40. Qd2 Qxa3 41. Rg1 Rb3 42. Qd8 Qxb4 43. Bxg6 Kxg6 44. Qxe8 Kg7 45. Qd8 Qc5 46. Qg5+ Kf8 47. Rd1 Rd3 48. Rxd3 Qg1 49. Rd8# 1-0


[Site "https://www.chess.com"]

[Event "Titled Tuesday Blitz April 11 Early 2023"]
[White "Cherniaiev, Tykhon"]
[Black "Movahed, Sina"]
[WhiteFideId "14182360"]
[BlackFideId "42520835"]
[WhiteElo "2450"]
[BlackElo "2225"]
[Result "0-1"]
[Round "11"]
[TimeControl "180+2"]
[Date "2023.04.11"]
[WhiteClock "0:00:09"]
[BlackClock "0:00:19"]

1. Nf3 Nf6 2. d4 g6 3. c4 Bg7 4. Nc3 O-O 5. e4 d6 6. Be2 e5 7. dxe5 dxe5 8. Qxd8 Rxd8 9. Bg5 c6 10. Nxe5 Re8 11. O-O-O Na6 12. f4 h6 13. Bh4 g5 14. fxg5 hxg5 15. Bg3 Nc5 16. Rhf1 Ncxe4 17. Nxe4 Nxe4 18. Bh5 Nxg3 19. Bxf7+ Kh7 20. Bg6+ Kh6 21. Bxe8 Ne2+ 22. Kb1 Bxe5 23. Bd7 Nf4 24. g3 Ng6 25. Rf7 g4 26. Bxc8 Rxc8 27. Rxb7 Rf8 28. Rd2 a5 29. Ra7 Rb8 30. Re2 Bc3 31. Rc2 Bd4 32. Rd2 Bxa7 33. Rd6 c5 34. Ra6 Bb6 35. b3 Kg5 36. Kc2 Ne5 37. Kc3 Nc6 38. a3 Kf5 39. Kd3 Ke6 40. Ke4 Kd6 41. Kf5 Kc7 42. Kxg4 Kb7 43. Rxb6+ Kxb6 44. h4 Nd4 45. h5 Nxb3 46. Kf5 Nd2 47. g4 Nxc4 48. g5 Ne3+ 49. Kf6 c4 50. g6 c3 51. h6 c2 52. h7 c1=Q 53. g7 Qc3+ 54. Kf7 Rb7+ 55. Ke8 Qc8# 0-1


[Site "https://www.chess.com"]

[Event "Titled Tuesday Blitz April 11 Early 2023"]
[White "HSH1987"]
[Black "Drygalov, Andrey"]
[BlackFideId "24171735"]
[WhiteElo "2698"]
[BlackElo "2466"]
[Result "0-1"]
[Round "11"]
[TimeControl "180+2"]
[Date "2023.04.11"]
[WhiteClock "0:00:12"]
[BlackClock "0:00:28"]

1. e4 c5 2. Nc3 d6 3. g3 Nc6 4. Bg2 g6 5. d3 Bg7 6. Nge2 Rb8 7. O-O b5 8. Rb1 b4 9. Nd5 e6 10. Ne3 Nge7 11. b3 O-O 12. Bb2 Nd4 13. a4 Nec6 14. Nc4 Nxe2+ 15. Qxe2 Nd4 16. Qd1 d5 17. exd5 exd5 18. Nd2 Re8 19. h3 Ne2+ 20. Kh2 Nc3 21. Bxc3 bxc3 22. Nf3 Bf5 23. Re1 Qd6 24. Kg1 h6 25. g4 Bd7 26. Rxe8+ Rxe8 27. Qf1 Qf4 28. Re1 Be6 29. Qe2 Rd8 30. Qe3 Qxe3 31. fxe3 d4 32. exd4 cxd4 33. Kf2 Bf8 34. Ng1 Be7 35. Kg3 Bg5 36. Ne2 Be3 37. Rf1 Kg7 38. Be4 f5 39. Bf3 Kf6 40. gxf5 gxf5 41. Kh2 Ke5 42. Ng3 Rb8 43. Bd1 Rg8 44. Nh5 Bd5 45. Bf3 Bxb3 46. Bd1 Bd5 47. Bf3 Bxf3 48. Rxf3 Rb8 49. Ng7 f4 50. Nh5 Rb2 0-1


[Site "https://www.chess.com"]

[Event "Titled Tuesday Blitz April 11 Early 2023"]
[White "Belozerov, Andrei"]
[Black "Kravtsiv, Martyn"]
[WhiteFideId "4120213"]
[BlackFideId "14113147"]
[WhiteElo "2373"]
[BlackElo "2695"]
[Result "1-0"]
[Round "11"]
[TimeControl "180+2"]
[Date "2023.04.11"]
[WhiteClock "0:00:28"]
[BlackClock "0:00:06"]

1. e4 e5 2. Nf3 Nc6 3. Bb5 a6 4. Ba4 Nf6 5. O-O Be7 6. Re1 b5 7. Bb3 O-O 8. c3 d5 9. exd5 Nxd5 10. Nxe5 Nxe5 11. Rxe5 c6 12. d3 Bd6 13. Re1 Bf5 14. Qf3 Re8 15. Rxe8+ Qxe8 16. Nd2 Qe1+ 17. Nf1 Bg6 18. g3 h5 19. Bxd5 cxd5 20. Qxd5 Rd8 21. Bg5 Qxa1 22. Bxd8 Bf8 23. c4 Qxa2 24. Ne3 Qb1+ 25. Kg2 Bxd3 26. Qd4 bxc4 27. Ba5 Be4+ 28. f3 Bd3 29. Bc3 Be2 30. Qd8 Qd3 31. Qe8 Qd6 32. Bxg7 Qe7 33. Qxf8+ Qxf8 34. Bxf8 Kxf8 35. Kf2 Bd3 36. Nd5 Bc2 37. Ke3 Kg7 38. Kd4 Bd1 39. f4 Bb3 40. Ne3 Kg6 41. Nxc4 Kf5 42. Ne3+ Ke6 43. Ke4 Ba2 44. f5+ Kd6 45. Kd4 f6 46. Ng2 Bb1 47. Nf4 Bxf5 48. Nxh5 Ke6 49. Ng7+ 1-0


[Site "https://www.chess.com"]

[Event "Titled Tuesday Blitz April 11 Early 2023"]
[White "Rustemov, Alexander"]
[Black "Domingo Nunez, Ruben"]
[WhiteFideId "4119002"]
[BlackFideId "22245570"]
[WhiteElo "2880"]
[BlackElo "2404"]
[Result "1/2-1/2"]
[Round "11"]
[TimeControl "180+2"]
[Date "2023.04.11"]
[WhiteClock "0:00:46"]
[BlackClock "0:01:37"]

1. d4 g6 2. c4 Bg7 3. Nf3 d6 4. g3 Nd7 5. Bg2 Ngf6 6. Nc3 O-O 7. d5 c5 8. O-O Rb8 9. h3 a6 10. a4 b6 11. e4 Ne8 12. Bf4 Nc7 13. Re1 f6 14. Qc2 b5 15. axb5 axb5 16. b3 Ne5 17. Nxe5 fxe5 18. Bg5 bxc4 19. bxc4 Na6 20. Reb1 Nb4 21. Qd2 Bd7 22. Ra7 Ra8 23. Rba1 Rxa7 24. Rxa7 Re8 25. Nb5 Bxb5 26. cxb5 Qb6 27. Rxe7 Rxe7 28. Bxe7 Kf7 29. Bh4 Qxb5 30. Qg5 Qd7 31. Qc1 h6 32. g4 Nd3 33. Qc4 Nf4 34. Bf1 Bf6 35. Bg3 h5 36. Qa6 Be7 37. f3 Qc7 38. Kh2 Qb8 39. Bxf4 Qb2+ 40. Qe2 Qxe2+ 41. Bxe2 exf4 1/2-1/2


[Site "https://www.chess.com"]

[Event "Titled Tuesday Blitz April 11 Early 2023"]
[White "Durarbayli, Vasif"]
[Black "Budrewicz, Krzysztof"]
[WhiteFideId "13402935"]
[BlackFideId "1127950"]
[WhiteElo "2551"]
[BlackElo "2230"]
[Result "1-0"]
[Round "11"]
[TimeControl "180+2"]
[Date "2023.04.11"]
[WhiteClock "0:01:16"]
[BlackClock "0:01:18"]

1. e4 g6 2. d4 Bg7 3. Nc3 d6 4. Be3 a6 5. g4 b5 6. Bg2 Bb7 7. h4 h6 8. Nge2 Nd7 9. Ng3 e6 10. Qd2 Ngf6 11. f3 e5 12. g5 hxg5 13. hxg5 Rxh1+ 14. Bxh1 Ng8 15. d5 Nb6 16. b3 Ne7 17. O-O-O Qd7 18. Bg2 O-O-O 19. Qf2 Na8 20. a4 Rh8 21. axb5 axb5 22. Bf1 c6 23. dxc6 Bxc6 24. Bc5 dxc5 25. Rxd7 Kxd7 26. Qxc5 Nc7 27. Nxb5 Nxb5 28. Bxb5 Rh3 29. Bxc6+ Nxc6 30. Qd5+ Kc7 31. Qxf7+ Kb6 32. Ne2 1-0


[Site "https://www.chess.com"]